 Dungeon Crawl Stone Soup version 0.21.1-1-g345015f (webtiles) character file.

165 lotte the Caller (level 5, -4/28 HPs)
             Began as a Deep Elf Wizard on July 1, 2018.
             Slain by a gnoll
             ... wielding a +0 whip
              (9 damage)
             ... on level 3 of the Dungeon.
             The game lasted 00:17:27 (3776 turns).

lotte the Caller (Deep Elf Wizard)                  Turns: 3776, Time: 00:17:28

Health: -4/28      AC:  3    Str:  4    XL:     5   Next: 22%
Magic:  2/14       EV: 13    Int: 24    God:
Gold:   81         SH:  0    Dex: 13    Spells: 11/14 levels left

rFire    . . .     SeeInvis .   l - +2 quarterstaff (chaos)
rCold    . . .     Gourm    .   (shield currently unavailable)
rNeg     . . .     Faith    .   a - +0 robe
rPois    .         Spirit   .   b - +0 hat
rElec    .         Reflect  .   m - +0 cloak (curse)
rCorr    .         Harm     .   (no gloves)
MR       .....                  (no boots)
Stlth    ++........             (no amulet)
HPRegen  0.09/turn              (no ring)
MPRegen  0.14/turn              (no ring)

@: no status effects
A: no striking features
a: no special abilities


You were on level 3 of the Dungeon.
You were hungry.

You visited 1 branch of the dungeon, and saw 3 of its levels.

You collected 81 gold pieces.

Inventory:

Hand Weapons
 e - a +2 dagger of venom
 l - a +2 quarterstaff of chaos (weapon)
Armour
 a - a +0 robe (worn)
 b - a +0 hat (worn)
 m - a cursed +0 cloak (worn)
Scrolls
 g - a scroll of amnesia {unknown}
 j - 2 scrolls of identify {unknown}
 r - a scroll of remove curse {unknown}
Potions
 f - a potion of haste
 h - a potion of agility {unknown}
 i - 2 potions of heal wounds {unknown}
 k - a potion of lignification {unknown}
 n - a potion of degeneration {unknown}
 o - 2 potions of curing {unknown}
 q - a potion of ambrosia {unknown}
Books
 c - a book of Minor Magic

   Spells                             Type                      Level
   a - Magic Dart                     Conjuration                  1
   b - Blink                          Translocation                2
   c - Call Imp                       Summoning                    2
   d - Slow                           Hexes                        2
   e - Conjure Flame                  Conjuration/Fire             3
   f - Mephitic Cloud                 Conjuration/Poison/Air       3
Comestibles
 d - a ration


   Skills:
 - Level 2.4 Dodging
 - Level 2.4 Stealth
 - Level 5.1 Spellcasting
 - Level 1.1 Conjurations
 + Level 5.2 Summonings
   Level 1.1 Translocations


You had 11 spell levels left.
You knew the following spells:

 Your Spells              Type           Power        Failure   Level  Hunger
a - Magic Dart            Conj           ##..         5%          1    None
b - Call Imp              Summ           ####....     1%          2    None


Dungeon Overview and Level Annotations

Branches:
Dungeon (3/15)

Altars:
Hepliaklqana


Message History

The gnoll hits you from afar with a halberd!
Ouch! That really hurt!
* * * LOW HITPOINT WARNING * * *
The gnoll misses you.
You swap places.
The gnoll hits your crimson imp but does no damage.
Your crimson imp blinks!
Casting: Call Imp
Confirm with . or Enter, or press ? or * to list all spells.
A beastly little devil appears in a puff of flame.
You are feeling hungry.
The gnoll barely misses your crimson imp.
The gnoll barely misses something.
Your crimson imp closely misses the gnoll.
Your crimson imp closely misses the gnoll.
Your crimson imp hits the gnoll but does no damage.
Your crimson imp barely misses the gnoll.
Something completely misses your crimson imp.
The gnoll hits you with a whip!
You die...

#.................#
#####.##(............#
#.#####.##.####### #.#
#.....# #.# #.##.##
#.# #.#### #)#
#.###### #)#
#......###
#@#####........ .
#.ggg.5....#.## .
#######5.#†...###.
#g....#.....
#..5........
#......##.#.
#.5.#g.##.#.
#.........#.
#...#..##...


You could see 3 gnolls and 2 friendly crimson imps.

Vanquished Creatures
  An ooze (D:1)
  2 leopard geckos (D:2)
  A ball python (D:2)
  2 giant cockroaches (D:1)
  3 goblins
  9 hobgoblins
  A jackal (D:2)
  6 kobolds (D:1)
  A quokka (D:2)
  4 bats
  A frilled lizard (D:1)
  3 rats (D:2)
34 creatures vanquished.

Vanquished Creatures (collateral kills)
  Crazy Yiuf (D:2)
  Natasha (thrice) (D:2)
  Terence (D:3)
  Robin (D:3)
  An adder (D:2)
  An ooze (D:3)
  A dart slug (D:3)
  A leopard gecko (D:2)
  16 orcs (D:3)
  11 goblins
  5 hobgoblins
  3 jackals (D:2)
  2 quokkas
  A ball python (D:2)
  A frilled lizard (D:3)
  2 kobolds (D:2)
51 creatures vanquished.

Grand Total: 85 creatures vanquished

Notes
Turn   | Place    | Note
-------+----------+-------------------------------------------
     0 | D:1      | lotte the Deep Elf Wizard began the quest for the Orb.
     0 | D:1      | Reached XP level 1. HP: 10/10 MP: 7/7
   182 | D:1      | Reached skill level 5 in Spellcasting
   182 | D:1      | Reached XP level 2. HP: 6/15 MP: 5/10
   186 | D:1      | Learned a level 2 spell: Call Imp
  1302 | D:2      | Reached XP level 3. HP: 19/19 MP: 7/11
  1364 | D:2      | Noticed Natasha
  1372 | D:2      | Killed Natasha
  1508 | D:2      | Noticed Natasha
  1512 | D:2      | Killed Natasha
  1639 | D:2      | Found a runed door.
  1643 | D:2      | Noticed Crazy Yiuf
  1664 | D:2      | Killed Crazy Yiuf
  1664 | D:2      | Reached XP level 4. HP: 24/24 MP: 1/13
  2620 | D:2      | Noticed Natasha
  2647 | D:2      | Killed Natasha
  2798 | D:3      | Found a hazy altar of Hepliaklqana.
  2871 | D:3      | Noticed Terence
  2886 | D:3      | Killed Terence
  3209 | D:3      | Reached XP level 5. HP: 28/28 MP: 12/14
  3301 | D:3      | Noticed Robin
  3316 | D:3      | Killed Robin
  3316 | D:3      | Reached skill level 5 in Summonings
  3776 | D:3      | Slain by a gnoll

Skill      XL: |  1  2  3  4  5 |
---------------+----------------+-----
Spellcasting   | 5 |  5.1
Summonings     | 2 3 4 5 |  5.2
Dodging        | |  2.4
Stealth        | |  2.4
Conjurations   | |  1.1
Translocations | |  1.1

Action                   |  1- 3 |  4- 6 || total
-------------------------+-------+-------++-------
Melee: Dagger            |     9 |       ||     9
 Cast: Magic Dart        |    37 |    46 ||    83
       Call Imp          |    21 |    49 ||    70
  Eat: Chunk             |     2 |     6 ||     8
Armor: Robe              |     3 |     2 ||     5
Dodge: Dodged            |    20 |    21 ||    41
